 Dungeon Crawl Stone Soup version 0.32-a0-473-gd044c6f0f0 (webtiles) character file.

Game seed: 10733765297767020174

112 anacleto the Covered (level 4, 0/32 (38) HPs)
             Began as an Armataur Berserker on Feb 26, 2024.
             Was a Believer of Trog.
             Slain by Robin
             ... wielding a +6 short sword of distortion
              (6 damage)
             ... on level 3 of the Dungeon.
             The game lasted 00:07:23 (2414 turns).

anacleto the Covered (Armataur Berserker)           Turns: 2414, Time: 00:07:24

HP:   0/32 (38)     AC: 11    Str: 24    XL:     4   Next: 63%
MP:   4/4           EV:  5    Int:  7    God:    Trog [**....]
Gold: 103           SH:  0    Dex: 10    Spells: 3/3 levels left

rFire   . . .        a - +1 mace
rCold   . . .        (no shield)
rNeg    . . .        i - +0 plate armour
rPois   .            h - +1 helmet
rElec   .            (no cloak)
rCorr   .            (no gloves)
SInv    .            (no barding)
Will    .....        (no amulet) Stlth
                     (no ring)
HPRegen 0.25/turn    (no ring)
MPRegen 0.42/turn

%: roll
@: on berserk cooldown, slowed, heavily drained, invisible, very slow
A: large, deformed body, tough skin 3, armoured tail, roll 1
a: Renounce Religion, Berserk, Trog's Hand


You were on level 3 of the Dungeon.
You worshipped Trog.
Trog was pleased with you.
You visited 1 branch of the dungeon, and saw 3 of its levels.

You collected 103 gold pieces.

Inventory:

Hand Weapons
 a - a +1 mace (weapon)
Missiles
 p - 3 javelins (quivered)
Armour
 h - a +1 helmet (worn)
 i - a +0 plate armour (worn)
Wands
 t - a wand of digging (4)
Scrolls
 c - a scroll of fear {unknown}
 d - a scroll of immolation {unknown}
 l - a scroll of vulnerability {unknown}
 m - a scroll of poison {unknown}
 n - a scroll of fog {unknown}
 o - 2 scrolls of identify {unknown}
 q - a scroll of silence {unknown}
 r - a scroll of brand weapon {unknown}
Potions
 e - a potion of attraction {unknown}
 f - a potion of degeneration {unknown}
 g - a potion of haste {unknown}
 j - a potion of invisibility
 k - a potion of curing {unknown}
 s - a potion of cancellation {unknown}


   Skills:
 + Level 3.3 Fighting
 + Level 3.3 Maces & Flails
 + Level 1.0 Throwing
 + Level 3.5 Armour
 + Level 2.1 Dodging


You had 3 spell levels left.
You didn't know any spells.
Your spell library was empty.

Dungeon Overview and Level Annotations

Branches:
Dungeon (3/15)

Altars:

Shops:
D:1 !   D:3 [[:[(

Annotations:
D:3 Robin


Innate Abilities, Weirdness & Mutations

Armour fits poorly on your strangely shaped body.
You have extremely tough skin. (AC +3)
You have a long armoured tail.
You regenerate magic when rolling toward enemies. (Rampage MPRegen)


Message History

There is a stone staircase leading up, spattered with blood here.
There are monsters nearby!
A red film seems to cover your vision as you go berserk!
You feel yourself moving faster!
You feel mighty!
You sock Robin!
Robin is severely wounded.
Robin barely misses you.
You hit Robin.
Robin is almost dead.
A goblin comes into view. It is wielding a +0 dagger.
Robin hits you with a +6 short sword of distortion.
You blink.
The goblin hits you but does no damage.
You feel a strong urge to attack something.
The goblin hits you with a +0 dagger.
Robin roars a battlecry!
You roll towards the hobgoblin!
You feel your anger nearly subside.
You are no longer berserk.
You are exhausted.
You feel yourself slow down. The goblin closely misses you.
The hobgoblin hits you but does no damage.
You sock the hobgoblin!
You kill the hobgoblin!
Trog accepts your kill.
The goblin hits you but does no damage. x2
Robin hits you with a +6 short sword of distortion.
Space warps horribly around you!!
Ouch! That really hurt!
* * * LOW HITPOINT WARNING * * *
Okay, then.
It was a potion of invisibility.
You fade into invisibility!
The goblin hits you but does no damage.
Okay, then.
As you read the scroll labelled KIT PORRISI, it crumbles to dust.
It is a scroll of enchant weapon.
Your +0 mace glows red for a moment.
The goblin hits you but does no damage.
Robin hits you with a +6 short sword of distortion.
You die...
Robin calls out, "Let's celebrate!
Time for a feast!"

#+ ##.... #. ###### +....
#####. ..... #.... ..... ...
...... ####.#. ..# # #.##..
#......###.#####..#.####. .#.
#......).....................
#....#.<)).#####..........##.
#....#.)##.g@................
+.......####gg.#.............
#.......####.................
#..##..............###.#.###.
##..##....................###.
#........##.#...#.............
#........##...........<.......
#...###..####.................
#...##...# .####.........###


You could see Robin (unable to see you), a hobgoblin (strong, unable to see you)
and a goblin (strong, unable to see you).

Vanquished Creatures
  Natasha (D:3)
  3 adders
  4 dart slugs
  A ribbon worm (D:2)
  2 orcs (D:3)
  4 endoplasms
  5 giant cockroaches
  7 goblins
  6 hobgoblins
  2 jackals (D:1)
  2 quokkas (D:1)
  A ball python (D:3)
  3 bats
  3 frilled lizards
  A kobold (D:3)
  3 rats (D:1)
  A spectral hobgoblin (D:2)
49 creatures vanquished.

Notes
Turn   | Place    | Note
-------+----------+-------------------------------------------
     0 | D:1      | anacleto the Armataur Berserker began the quest for the
                  | Orb.
     0 | D:1      | Reached XP level 1. HP: 18/18 MP: 1/1
     2 | D:1      | Noticed an elf
     2 | D:1      | Noticed a human
     4 | D:1      | Noticed a gargoyle
     4 | D:1      | Noticed a formicid
     6 | D:1      | Noticed an armataur
     6 | D:1      | Noticed an octopode
     8 | D:1      | Noticed a dwarf
     8 | D:1      | Noticed a spriggan
    10 | D:1      | Noticed a demigod
    10 | D:1      | Noticed a minotaur
    12 | D:1      | Noticed a demonspawn
    12 | D:1      | Noticed a tengu
    14 | D:1      | Noticed a barachi
    16 | D:1      | Noticed a vine stalker
    16 | D:1      | Noticed a felid
    18 | D:1      | Noticed a vampire
    20 | D:1      | Noticed an oni
    20 | D:1      | Noticed a merfolk
    22 | D:1      | Noticed a djinni
    24 | D:1      | Noticed a troll
    26 | D:1      | Noticed a draconian
    26 | D:1      | Noticed a naga
    28 | D:1      | Noticed a ghoul
   207 | D:1      | Found Wecwueb's Distillery.
   333 | D:1      | Reached XP level 2. HP: 24/25 MP: 2/2
  1048 | D:2      | Reached XP level 3. HP: 28/31 MP: 3/3
  1087 | D:2      | Found a faded altar of an unknown god.
  1708 | D:3      | Noticed a walking frostbound tome
  1708 | D:3      | Noticed a walking crystal tome
  1708 | D:3      | Found Luontale's Book Shoppe.
  1818 | D:3      | Found Fawahur's Antique Weapon Shop.
  1996 | D:3      | Found Itoxoull's Antique Armour Boutique.
  2001 | D:3      | Found Tot Jack's Armour Shoppe.
  2010 | D:3      | Found Vuidosuh's Antique Armour Shop.
  2144 | D:3      | Reached XP level 4. HP: 38/38 MP: 4/4
  2163 | D:3      | Noticed Natasha
  2168 | D:3      | Killed Natasha
  2168 | D:3      | Reached ** piety under Trog
  2201 | D:3      | Noticed Robin
  2212 | D:3      | Reached skill level 1 in Throwing
  2414 | D:3      | Slain by Robin

Illustrated notes

Levels and vault maps discovered:
D:1:      kb_arrival_jail, layout_basic, serial_shops,
          nicolae_shop_tiny_waterfront, chequers_serial_rivers_marsh
D:2:      layout_loops_ring, dreamdust_ecumenical_altar_drowned_temple
D:3:      layout_basic, makhleb_altar_promises_db, serial_shops,
          nicolae_shop_behind_doors, nicolae_shop_mannequins, shop, shop, shop,
          corexii_corridor_pit, uniq_robin, uniq_natasha

Skill      XL: |  1  2  3  4 |
---------------+-------------+-----
Fighting       | 3 |  3.3
Maces & Flails | 3 |  3.3
Armour         | 3 |  3.5
Dodging        | 2 |  2.1
Throwing       | 1 |  1.0

Action                     |  1- 3 |  4- 6 || total
---------------------------+-------+-------++-------
  Melee: Mace              |    98 |    20 ||   118
         Tailslap          |     8 |     1 ||     9
 Invoke: Berserk           |     1 |     2 ||     3
    Use: Scroll            |       |     1 ||     1
         Potion            |       |     1 ||     1
 Armour: Animal skin       |    17 |       ||    17
         Scale mail        |    20 |       ||    20
         Plate armour      |    41 |    43 ||    84
  Dodge: Dodged            |    46 |     7 ||    53

Table legend: (Time is in decaauts)
 A = Elapsed time spent in this place.
 B = Non-inter-level travel time spent in this place.
 C = Inter-level travel time spent in this place.
 D = Time resting spent in this place.
 E = Time spent auto-exploring this place.
 F = Levels seen in this place.
 G = Mean time per level.
                   A        B        C        D        E       F      G
               +--------+--------+--------+--------+--------+-----+--------+
         Total |   2458 |   2365 |     93 |    204 |   1658 |   3 |  819.3 |
       Dungeon |   2458 |   2365 |     93 |    204 |   1658 |   3 |  819.3 |
               +--------+--------+--------+--------+--------+-----+--------+

Top non-repeatable levels by time:
     D:1: 1055 daAuts
     D:2: 881 daAuts
     D:3: 522 daAuts
